AoeStats
← 文森

Arena

508211728Analyzed
4v4 RM · 10d ago on Sep 21, 2026· 74m 42s· 8 players
Game mode
Random Map
Map size
Large (8 player)
Population
200
Speed
Normal
Resources
Standard
Victory
Conquest
Starting age
Dark Age
Ending age
Imperial Age
RankedLock teamsTeams togetherTeam positionsShared explorationLock speedFull tech treeHidden civsTurbo modeCheats
Victory
Defeat
🇫🇷 Turks · France
883
+15
🇫🇷 Vietnamese · France
863
+16
🇳🇴 Ethiopians · Norway
840
+17
🇩🇪 Khmer · Germany
801
+35
🇹🇼 Saracens · Taiwan
998
-21
🇹🇼 Persians · Taiwan
886
-18
🇨🇳 Poles · China
809
-15
🇹🇼 Romans · Taiwan
774
-13
Actiweed1
0:28 Loom
10:45 Feudal Age
12:47 Wheelbarrow
11:56 Horse Collar
12:06 Double-Bit Axe
21:34 Castle Age
22:37 Bow Saw
22:46 Hand Cart
22:21 Town Watch
22:39 Heavy Plow
22:23 Crossbowman
24:57 Padded Archer Armor
25:43 Pikeman
26:27 Squires
26:57 Gold Mining
27:54 Fletching
28:20 Leather Archer Armor
29:13 Ballistics
30:43 Thumb Ring
30:53 Fortified Wall
30:39 Murder Holes
30:57 Bodkin Arrow
31:30 Scale Mail Armor
32:17 Forging
35:57 Imperial Age
34:22 Iron Casting
34:03 Chain Mail Armor
36:08 Halberdier
36:13 Arbalester
37:19 Elite Skirmisher
38:18 Arson
39:26 Ring Archer Armor
38:57 Bracer
39:06 Bracer
39:57 Plate Mail Armor
38:53 Imperial Skirmisher
40:24 Crop Rotation
41:22 Two-Man Saw
41:53 Chemistry
41:18 Paper Money
46:52 Elite Rattan Archer
48:17 Heated Shot
51:01 Treadmill Crane
57:57 Chatras
58:10 Guilds
58:32 Coinage
58:03 Caravan
58:15 Scale Barding Armor
61:16 Chatras
64:45 Chain Barding Armor
67:04 Herbal Medicine
68:22 Siege Engineers
68:06 Arrowslits
68:11 Guard Tower
69:47 Plate Barding Armor
69:18 Caravan
69:49 Coinage
69:30 Guilds
72:43 Banking
74:33 Husbandry
74:44 Bloodlines
73:55 Elite Battle Elephant
kris10an
11:40 Feudal Age
15:33 Castle Age
14:04 Double-Bit Axe
14:02 Horse Collar
25:34 Loom
32:45 Imperial Age
31:00 Fortified Wall
31:11 Ballistics
31:35 Heavy Plow
31:46 Bow Saw
31:30 Gold Mining
34:07 Wheelbarrow
33:20 Town Watch
34:16 Torsion Engines
34:42 Heavy Scorpion
36:47 Chemistry
36:41 Siege Engineers
38:01 Two-Man Saw
43:34 Halberdier
44:48 Halberdier
46:16 Conscription
52:46 Squires
57:58 Guilds
francis le tueur
13:19 Feudal Age
15:11 Double-Bit Axe
15:08 Horse Collar
16:06 Wheelbarrow
15:24 Gold Mining
19:08 Castle Age
23:29 Imperial Age
22:38 Padded Archer Armor
23:49 Leather Archer Armor
25:03 Ring Archer Armor
28:07 Gold Shaft Mining
27:41 Heavy Plow
36:55 Bow Saw
37:07 Hand Cart
36:38 Town Watch
36:39 Loom
39:45 Stone Mining
41:02 Two-Man Saw
40:08 Town Patrol
41:52 Squires
43:44 Fortified Wall
43:56 Ballistics
43:18 Treadmill Crane
43:49 Masonry
43:54 Forging
43:44 Scale Mail Armor
43:37 Arson
46:02 Iron Casting
45:43 Chain Mail Armor
47:51 Blast Furnace
49:02 Plate Mail Armor
50:23 Architecture
56:54 Conscription
56:44 Artillery
60:26 Bombard Tower
64:06 Murder Holes
64:23 Heated Shot
Chipsluke
11:40 Feudal Age
15:23 Castle Age
13:39 Double-Bit Axe
13:47 Horse Collar
19:12 Wheelbarrow
20:13 Bow Saw
24:01 Scale Barding Armor
24:07 Forging
27:42 Imperial Age
26:04 Bloodlines
25:55 Husbandry
26:30 Heavy Plow
26:30 Light Cavalry
27:37 Chain Barding Armor
28:46 Hand Cart
29:12 Plate Barding Armor
29:13 Iron Casting
30:03 Hussar
32:47 Double Crossbow
35:39 Crop Rotation
34:58 Town Watch
35:48 Stone Mining
35:49 Gold Mining
35:24 Elite Ballista Elephant
37:46 Stone Shaft Mining
37:46 Gold Shaft Mining
40:40 Conscription
42:29 Blast Furnace
皇上駕到
8:57 Loom
11:42 Feudal Age
12:33 Horse Collar
12:40 Double-Bit Axe
17:38 Castle Age
16:04 Gold Mining
24:02 Bow Saw
24:38 Bloodlines
25:27 Husbandry
26:39 Gold Shaft Mining
26:42 Wheelbarrow
26:30 Forging
27:42 Scale Barding Armor
28:13 Iron Casting
28:53 Hand Cart
31:45 Imperial Age
30:25 Chain Barding Armor
29:29 Light Cavalry
32:26 Cavalier
34:16 Plate Barding Armor
33:49 Savar
38:41 Caravan
40:18 Blast Furnace
文森
10:56 Feudal Age
15:39 Castle Age
13:55 Double-Bit Axe
14:19 Horse Collar
14:53 Loom
15:13 Stone Mining
15:37 Gold Mining
18:57 Bow Saw
26:13 Heavy Plow
27:01 Wheelbarrow
27:56 Gold Shaft Mining
29:23 Hand Cart
29:35 Forging
33:46 Imperial Age
32:57 Iron Casting
32:28 Scale Barding Armor
33:27 Husbandry
33:37 Bloodlines
34:37 Bimaristan
34:51 Conscription
34:14 Elite Skirmisher
34:47 Fletching
34:57 Padded Archer Armor
38:09 Chemistry
37:29 Ballistics
45:02 Thumb Ring
45:11 Thumb Ring
45:37 Bodkin Arrow
45:57 Leather Archer Armor
47:31 Onager
wlidkid841220
0:51 Loom
11:41 Feudal Age
13:48 Man-at-Arms
15:16 Double-Bit Axe
18:29 Castle Age
20:17 Squires
20:56 Long Swordsman
22:50 Horse Collar
26:46 Bow Saw
37:23 Wheelbarrow
39:16 Hand Cart
40:51 Forging
40:42 Scale Mail Armor
40:50 Scale Barding Armor
41:23 Heavy Plow
46:46 Fortified Wall
46:48 Masonry
47:21 Stone Mining
47:23 Gold Mining
49:21 Gold Shaft Mining
57:25 Iron Casting
57:06 Chain Mail Armor
59:57 Imperial Age
57:43 Caravan
61:16 Conscription
61:26 Comitatenses
62:22 Architecture
61:18 Legionary
63:06 Blast Furnace
ksffvbh
0:29 Loom
16:07 Feudal Age
18:21 Wheelbarrow
17:47 Horse Collar
17:54 Double-Bit Axe
18:26 Stone Mining
18:29 Gold Mining
21:21 Castle Age
22:37 Hand Cart
23:50 Scale Barding Armor
23:56 Forging
25:25 Heavy Plow
26:04 Stone Shaft Mining
27:18 Treadmill Crane
29:47 Chain Barding Armor
30:03 Iron Casting
29:32 Husbandry
29:43 Bloodlines
28:53 Light Cavalry
33:27 Imperial Age
32:13 Bow Saw
34:01 Town Watch
35:35 Blast Furnace
33:58 Winged Hussar
35:01 Conscription
35:03 Lechitic Legacy
37:54 Crop Rotation
37:52 Town Patrol
44:32 Szlachta Privileges
50:25 Cavalier
Connection lost

Rejoining the realm…

Still unreachable

The connection could not be restored.

Session expired

The server has moved on; the page needs a fresh start.